 Dungeon Crawl Stone Soup version 0.28-a0-932-g843f935a50 (webtiles) character file.

Game seed: 18139632425015670235

102 croobank the Poker (level 4, -4/28 HPs)
             Began as an Octopode Transmuter on Nov 28, 2021.
             Slain by Natasha (5 damage)
             ... on level 2 of the Dungeon.
             The game lasted 00:09:16 (1811 turns).

croobank the Poker (Octopode Transmuter)            Turns: 1811, Time: 00:09:17

Health: -4/28      AC:  1    Str: 10    XL:     4   Next: 78%
Magic:  0/7        EV: 13    Int: 15    God:
Gold:   43         SH:  0    Dex: 12    Spells: 1/7 levels left

rFire   . . .      SeeInvis .   f - +2 dagger (venom)
rCold   . . .      Faith    .   (no shield)
rNeg    . . .      Spirit   +   (helmet restricted)
rPois   .          Reflect  .   c - amulet of guardian spirit
rElec   .          Harm     .   (no ring)
rCorr   .          Rampage  .   (no ring)
Will    .....                   (no ring)
Stlth   ++........              (no ring)
HPRegen 0.09/turn               (no ring)
MPRegen 0.10/turn               (no ring)
                                (no ring)
                                (no ring)

@: no status effects
A: almost no armour, amphibious, 8 rings, camouflage 1, gelatinous body 1,
(nimble swimmer 1), tentacles
a: no special abilities


You were on level 2 of the Dungeon.
You visited 1 branch of the dungeon, and saw 2 of its levels.

You collected 43 gold pieces.

Inventory:

Hand Weapons
 a - a +0 spear
 b - a +0 dagger
 f - a +2 dagger of venom (weapon)
Missiles
 e - 40 stones (quivered)
 g - 21 sling bullets
Jewellery
 c - an amulet of guardian spirit (around mantle)
Scrolls
 d - a scroll of identify


   Skills:
 - Level 1.0 Fighting
 - Level 3.1 Polearms
 - Level 2.0 Dodging
 - Level 3.0 Unarmed Combat
 - Level 2.0 Spellcasting
 + Level 2.6 Transmutations
 * Level 2.2 Poison Magic


You had one spell level left.
You knew the following spells:

 Your Spells              Type           Power      Damage    Failure   Level
a - Beastly Appendage     Tmut           18%        N/A       8%          1
b - Wereblood             Tmut           9%         N/A       11%         2
c - Spider Form           Tmut/Pois      8%         N/A       24%         3

Your spell library contained the following spells:

 Spells                   Type           Power      Damage    Failure   Level
 Ice Form                 Ice/Tmut       5%         N/A       77%         4


Dungeon Overview and Level Annotations

Branches:
Dungeon (2/15)

Altars:

Annotations:
D:2 Natasha


Innate Abilities, Weirdness & Mutations

You cannot wear most types of armour.
You are amphibious.
You can wear up to eight rings at the same time.
Your skin changes colour to match your surroundings (Stealth+).
Your rubbery body absorbs attacks. (AC +1, EV +1)
((You are camouflaged near water. (Stealth+)))
You have tentacles for arms and can constrict up to eight enemies at once.


Message History

The gnoll closely misses you.
Your Poison Magic skill increases to level 2!
A goblin comes into view. It is wielding a +0 club.
The goblin shouts!
The gnoll barely misses you.
Things that are here:
a +0 spear; a gnoll corpse You barely miss the gnoll.
The gnoll barely misses you.
You hit the gnoll.
The gnoll is poisoned.
The gnoll is lightly wounded.
The gnoll hits you with a +0 spear.
* * * LOW HITPOINT WARNING * * *
You hit the gnoll but do no damage.
The gnoll looks as sick as possible!
The gnoll is lightly wounded.
Your transformation has ended.
Your +2 dagger of venom unmelds from your body.
Your +2 dagger of venom begins to drip with poison!
The gnoll misses you.
You aren't carrying any potions.
As you read the scroll labelled JESANE NUIJUS, it crumbles to dust.
It is a scroll of identify.
You don't have any unidentified items.
A quokka comes into view.
The gnoll hits you with a +0 spear.
* * * LOW HITPOINT WARNING * * *
The quokka moves out of view.
You barely miss the gnoll. You grab the gnoll. You squeeze the gnoll.
The gnoll is severely wounded.
You constrict the gnoll.
A rat comes into view.
The gnoll barely misses you.
You hit the gnoll but do no damage.
The gnoll looks as sick as possible!
The gnoll is almost dead.
You constrict the gnoll.
You kill the gnoll!
Natasha casts a spell.
You closely miss the goblin. You grab the goblin. You squeeze the goblin.
You kill the goblin!
Natasha claws you.
You die...

############
#........).#
#.########@#
#.# #h# #.#
.5. #.#
..... #.#
....... #.#
....r....
#.#
#...r......
. #.#
#..(.(.....#
.. #.# #


You could see Natasha, a crimson imp (summoned), a quokka and a rat.

Vanquished Creatures
  Natasha (D:2)
  3 gnolls (D:2)
  3 dart slugs (D:1)
  6 ball pythons
  2 bats (D:1)
  5 endoplasms
  3 giant cockroaches (D:1)
  5 goblins
  3 hobgoblins (D:1)
  2 kobolds (D:1)
  4 quokkas
  2 frilled lizards
  3 rats
42 creatures vanquished.

Notes
Turn   | Place    | Note
-------+----------+-------------------------------------------
     0 | D:1      | croobank the Octopode Transmuter began the quest for the
                  | Orb.
     0 | D:1      | Reached XP level 1. HP: 13/13 MP: 3/3
    80 | D:1      | Found a faded altar of an unknown god.
    85 | D:1      | Reached skill level 1 in Polearms
   269 | D:1      | Reached XP level 2. HP: 14/18 MP: 3/5
   345 | D:1      | Learned a level 2 spell: Wereblood
   639 | D:1      | Reached XP level 3. HP: 23/23 MP: 4/6
  1324 | D:2      | Learned a level 3 spell: Spider Form
  1378 | D:2      | Noticed Natasha
  1384 | D:2      | Killed Natasha
  1385 | D:2      | Reached skill level 1 in Poison Magic
  1385 | D:2      | Reached XP level 4. HP: 11/28 MP: 2/7
  1637 | D:2      | Noticed Natasha
  1808 | D:2      | HP: 1/28 [gnoll (2)]
  1811 | D:2      | Slain by Natasha

Illustrated notes

Levels and vault maps discovered:
D:1:      lightli_arrival_windingriver, layout_loops_ring,
          ebering_ecumenical_altar_sacrificial, minmay_crystal_water
D:2:      layout_basic, kennysheep_minor_cross, uniq_natasha

Skill      XL: |  1  2  3  4 |
---------------+-------------+-----
Polearms       | 1 2 3 |  3.1
Poison Magic   | 1 2 |  2.2
Fighting       | |  1.0
Dodging        | |  2.0
Unarmed Combat | |  3.0
Spellcasting   | |  2.0
Transmutations | |  2.6

Action                   |  1- 3 |  4- 6 || total
-------------------------+-------+-------++-------
Melee: Spear             |    63 |       ||    63
       Constrict         |    19 |     3 ||    22
       Kick              |    13 |     2 ||    15
       Punch             |     4 |       ||     4
       Tentacles         |     5 |     2 ||     7
       Dagger            |     7 |     7 ||    14
       Unarmed           |       |    15 ||    15
Throw: Stone             |       |     3 ||     3
 Cast: Beastly Appendage |    20 |     3 ||    23
       Wereblood         |     1 |       ||     1
       Spider Form       |       |     1 ||     1
  Use: Scroll            |       |     1 ||     1
 Stab: Sleeping          |     8 |     1 ||     9
Armor: Skin              |     8 |     1 ||     9
Dodge: Dodged            |    40 |    23 ||    63

Table legend: (Time is in decaauts)
 A = Elapsed time spent in this place.
 B = Non-inter-level travel time spent in this place.
 C = Inter-level travel time spent in this place.
 D = Time resting spent in this place.
 E = Time spent auto-exploring this place.
 F = Levels seen in this place.
 G = Mean time per level.
                   A        B        C        D        E       F      G
               +--------+--------+--------+--------+--------+-----+--------+
         Total |   1808 |   1804 |      4 |    276 |   1165 |   2 |  904.0 |
       Dungeon |   1808 |   1804 |      4 |    276 |   1165 |   2 |  904.0 |
               +--------+--------+--------+--------+--------+-----+--------+

Top non-repeatable levels by time:
     D:1: 1275 daAuts
     D:2: 533 daAuts
